 Dungeon Crawl Stone Soup version 0.29-a0-333-gb4c28e87c6 (webtiles) character file.

Game seed: 5644894273741776047

1941 Jortsu the Chopper (level 8, -3/63 HPs)
             Began as a Demonspawn Fighter on Apr 13, 2022.
             Was a Priest of Nemelex Xobeh.
             Slain by an orc warrior
             ... wielding a +0 battleaxe
              (11 damage)
             ... while paralysed by an orc
             ... on level 6 of the Dungeon.
             The game lasted 00:10:08 (5688 turns).

Jortsu the Chopper (Demonspawn Fighter)             Turns: 5688, Time: 00:10:08

Health: -3/63      AC:  9    Str: 18    XL:     8   Next: 98%
Magic:  8/8        EV:  2    Int: 10    God:    Nemelex Xobeh [***...]
Gold:   351        SH:  0    Dex: 21    Spells: 7/7 levels left

rFire   . . .      SeeInvis .   a - +1 war axe
rCold   . . .      Faith    .   c - +0 buckler
rNeg    . . .      Spirit   .   b - +0 scale mail
rPois   .          Reflect  .   (helmet restricted)
rElec   .          Harm     .   (no cloak)
rCorr   .          Rampage  .   (no gloves)
Will    .....                   o - +1 pair of boots
Stlth   ++........              (no amulet)
HPRegen 1.00/turn               e - +6 ring of dexterity
MPRegen 0.22/turn               (no ring)

@: paralysed
A: magic regeneration, sturdy frame 2, antennae 1, beak, agile 1, sense
surroundings 1, regeneration 1
a: Renounce Religion, Draw Escape, Draw Destruction, Draw Summoning, Triple Draw


You were on level 6 of the Dungeon.
You worshipped Nemelex Xobeh.
Nemelex Xobeh was most pleased with you.
You visited 1 branch of the dungeon, and saw 6 of its levels.
You also visited: Ossuary.

You collected 351 gold pieces.

Inventory:

Hand Weapons
 a - a +1 war axe (weapon)
Armour
 b - a +0 scale mail (worn)
 c - a +0 buckler (worn)
 o - a +1 pair of boots (worn)
Jewellery
 e - a +6 ring of dexterity (left hand)
 g - a ring of willpower
 k - a ring of positive energy
 m - a ring of protection from cold
Wands
 t - a wand of mindburst (18)
Scrolls
 i - a scroll of vulnerability
 j - 2 scrolls of enchant armour
 n - 3 scrolls of torment
 r - 3 scrolls of teleportation
 x - 3 scrolls of identify
Potions
 d - 4 potions of might
 h - 2 potions of berserk rage
 l - 5 potions of degeneration
 p - a potion of curing
 s - a potion of cancellation
 u - 2 potions of heal wounds
 w - a potion of haste
 z - a potion of brilliance


   Skills:
 + Level 5.5 Fighting
 + Level 7.7 Axes
 + Level 4.7 Armour
 + Level 3.2 Dodging
 + Level 0.8 Stealth
 + Level 4.1 Shields


You had 7 spell levels left.
You didn't know any spells.
Your spell library contained the following spells:

 Spells                   Type           Power      Damage    Failure   Level
 Animate Skeleton         Necr           0%         N/A       58%         1
 Pain                     Necr           0%         1d4       58%         1
 Summon Small Mammal      Summ           0%         N/A       58%         1
 Blink                    Tloc           0%         N/A       73%         2
 Ensorcelled Hibernation  Hex/Ice        0%         N/A       73%         2
 Passwall                 Tmut/Erth      0%         N/A       73%         2
 Call Canine Familiar     Summ           0%         N/A       91%         3
 Lesser Beckoning         Tloc           0%         N/A       91%         3
 Summon Guardian Golem    Hex/Summ       0%         N/A       91%         3
 Swiftness                Air            0%         N/A       91%         3
 Vampiric Draining        Necr           0%         2d6       91%         3
 Manifold Assault         Tloc           0%         N/A       100%        5


Dungeon Overview and Level Annotations

Branches:
Dungeon (6/15)             Temple (0/1) D:5         Ossuary (visited)

Altars:
Nemelex Xobeh
Okawaru
Ru
Uskayaw

Annotations:
D:3 Ignak's ghost, amateur OgWr


Innate Abilities, Weirdness & Mutations

You regenerate magic rapidly.
Your movements are less encumbered by armour. (ER -4)
You have a pair of small antennae on your head.
You have a beak for a mouth.
You are agile. (Dex +2)
You passively map a small area around you.
Your natural rate of healing is unusually fast.


Message History

A bullfrog comes into view.
You see here a howler monkey corpse.
You slash the jelly!
You kill the jelly!
You hit the iguana. The iguana misses you.
An orc comes into view. It is wielding a +0 falchion.
You hit the iguana but do no damage.
The iguana is moderately wounded.
The iguana bites you.
An orc comes into view.
It is wielding a +0 flail and carrying a wand of paralysis (9).
You hit the iguana. You peck the iguana.
The iguana is severely wounded.
The iguana closely misses you.
An orc comes into view. It is wielding a +0 short sword.
The orc shouts!
You slash the iguana!
You kill the iguana!
You hit the bullfrog.
The bullfrog is moderately wounded.
You closely miss the orc warrior. The bullfrog hits you.
An orc comes into view. It is wielding a +0 club.
The orc warrior hits you with a +0 battleaxe!
The bullfrog hits you but does no damage.
The orc warrior hits you with a +0 battleaxe!
The bullfrog barely misses you. The orc warrior barely misses you.
The orc warrior attacks as you move away!
You block the orc warrior's attack. The bullfrog hits you.
The orc zaps a wand.
You suddenly lose the ability to move!
The bullfrog hits you.
The bullfrog hits you but does no damage.
The orc warrior hits you with a +0 battleaxe!
* * * LOW HITPOINT WARNING * * *
The bullfrog hits you.
* * * LOW HITPOINT WARNING * * *
The bullfrog hits you but does no damage.
The bullfrog hits you!
* * * LOW HITPOINT WARNING * * *
The orc completely misses you.
The orc warrior hits you with a +0 battleaxe!
You die...
Your body disappears without a glow.

##.......## , ,
#..≈≈.≈≈..# * * *
##...≈.≈...### *
#..≈.....≈... ,
##..≈≈(..≈≈.#
......._....### ,* , ,
....≈≈..o≈≈...# ,* , ,
* ....≈.ooo@≈.#.## . ,
* ##...≈†Fo.......#*.#
#..≈≈.≈≈..#.##.##.##*
#........##.#*.....
#...........##..#.#
#.#...#####.#...#.#
#.....###.........##.
...........##.........,
.....####..##.....###.


You could see an orc warrior, a bullfrog and 4 orcs.

Vanquished Creatures
  Edmund (D:5)
  An ice beast (D:5)
  An orc warrior (D:4)
  A sky beast (D:3)
  A centaur (D:5)
  2 ogres
  An elf zombie (Ossuary)
  2 necrophages
  2 scorpions (D:5)
  4 killer bees (D:5)
  A howler monkey (D:6)
  3 hounds
  2 jellies
  A human zombie (Ossuary)
  3 orc priests
  A gnoll shaman (D:5)
  Natasha (twice) (D:3)
  5 iguanas
  3 orc wizards
  3 mummies (Ossuary)
  5 adders
  A shadow imp (D:4)
  An ufetubus (D:6)
  3 worms
  A dart slug (D:4)
  18 orcs
  7 endoplasms
  2 giant cockroaches
  8 goblins
  8 hobgoblins
  3 quokkas
  4 ball pythons
  2 bats (D:2)
  4 goblin zombies (Ossuary)
  3 hobgoblin zombies (Ossuary)
  8 kobolds
  2 kobold zombies (Ossuary)
  4 quokka zombies (Ossuary)
  8 rats
  3 rat zombies (Ossuary)
135 creatures vanquished.

Vanquished Creatures (collateral kills)
  Natasha (D:3)
  A ball python (D:4)
2 creatures vanquished.

Vanquished Creatures (others)
  3 plants (D:4)
3 creatures vanquished.

Grand Total: 140 creatures vanquished

Notes
Turn   | Place    | Note
-------+----------+-------------------------------------------
     0 | D:1      | Jortsu the Demonspawn Fighter began the quest for the Orb.
     0 | D:1      | Reached XP level 1. HP: 18/18 MP: 1/1
   340 | D:1      | Gained mutation: Your movements are slightly less
                  | encumbered by armour. (ER -2) [demonic ancestry]
   340 | D:1      | Reached XP level 2. HP: 24/24 MP: 2/2
   391 | D:1      | Found a faded altar of an unknown god.
   399 | D:1      | Prayed at the altar of an unknown god.
   399 | D:1      | Became a worshipper of Nemelex Xobeh the Trickster
   399 | D:1      | Reached * piety under Nemelex Xobeh
   970 | D:2      | Reached skill level 2 in Axes
  1556 | D:3      | Gained mutation: You regenerate magic rapidly. [demonic
                  | ancestry]
  1556 | D:3      | Reached XP level 3. HP: 27/29 MP: 3/3
  1744 | D:3      | Noticed Natasha
  1746 | D:3      | Received a gift from Nemelex Xobeh
  1753 | D:3      | Killed Natasha
  1754 | D:3      | Reached XP level 4. HP: 20/36 MP: 4/4
  1893 | D:3      | Noticed Natasha
  1916 | D:3      | HP: 1/36 [iron imp[Natasha] (1)]
  1917 | D:3      | Killed Natasha
  1917 | D:3      | Noticed Natasha
  1918 | D:3      | Reached skill level 3 in Axes
  1924 | D:3      | Killed Natasha
  2239 | D:3      | Noticed a sky beast
  2253 | D:3      | Killed a sky beast
  2254 | D:3      | Gained mutation: Your movements are less encumbered by
                  | armour. (ER -4) [demonic ancestry]
  2254 | D:3      | Reached XP level 5. HP: 26/42 MP: 5/5
  2512 | D:3      | Noticed Ignak's ghost (amateur OgWr)
  2520 | D:3      | Found a runed translucent gate.
  2520 | D:3      | Found a runed translucent gate.
  2520 | D:3      | Found a runed translucent gate.
  2902 | D:4      | Reached ** piety under Nemelex Xobeh
  2945 | D:4      | Reached skill level 1 in Dodging
  2958 | D:4      | Reached XP level 6. HP: 40/48 MP: 6/6
  3347 | D:4      | Reached skill level 4 in Axes
  3705 | D:4      | Noticed an orc warrior
  3713 | D:4      | Killed an orc warrior
  4081 | D:4      | Reached XP level 7. HP: 54/54 MP: 7/7
  4092 | D:4      | Reached skill level 5 in Axes
  4177 | D:5      | Entered Level 5 of the Dungeon
  4192 | D:5      | Found a sand-covered staircase.
  4208 | D:5      | Found a staircase to the Ecumenical Temple.
  4238 | Ossuary  | Entered an ossuary
  4612 | Ossuary  | Gained mutation: Your muscles are strong. (Str +2) [potion
                  | of mutation]
  4612 | Ossuary  | Gained mutation: You sometimes lose the ability to read
                  | scrolls when taking damage. [potion of mutation]
  4612 | Ossuary  | Gained mutation: Your mind is acute. (Int +2) [potion of
                  | mutation]
  4613 | Ossuary  | Lost mutation: You sometimes lose the ability to read
                  | scrolls when taking damage. [potion of mutation]
  4613 | Ossuary  | Lost mutation: Your muscles are strong. (Str +2) [potion of
                  | mutation]
  4613 | Ossuary  | Lost mutation: Your mind is acute. (Int +2) [potion of
                  | mutation]
  4613 | Ossuary  | Gained mutation: Your muscles are strong. (Str +2) [potion
                  | of mutation]
  4613 | Ossuary  | Gained mutation: You tend to lose your temper in combat.
                  | [potion of mutation]
  4613 | Ossuary  | Gained mutation: You have a pair of small antennae on your
                  | head. [potion of mutation]
  4614 | Ossuary  | Lost mutation: You tend to lose your temper in combat.
                  | [potion of mutation]
  4614 | Ossuary  | Lost mutation: Your muscles are strong. (Str +2) [potion of
                  | mutation]
  4614 | Ossuary  | Gained mutation: You have a beak for a mouth. [potion of
                  | mutation]
  4614 | Ossuary  | Gained mutation: You are agile. (Dex +2) [potion of
                  | mutation]
  4614 | Ossuary  | Gained mutation: Your natural rate of healing is unusually
                  | fast. [potion of mutation]
  4614 | Ossuary  | Gained mutation: You passively map a small area around you.
                  | [potion of mutation]
  4640 | D:5      | Noticed Edmund
  4652 | D:5      | Killed Edmund
  4793 | D:5      | Reached skill level 6 in Axes
  4793 | D:5      | Reached XP level 8. HP: 47/61 MP: 8/8
  4826 | D:5      | Found an iron altar of Okawaru.
  4900 | D:5      | Reached skill level 5 in Fighting
  5058 | D:5      | Found a sacrificial altar of Ru.
  5076 | D:5      | Reached skill level 7 in Axes
  5242 | D:5      | Reached *** piety under Nemelex Xobeh
  5491 | D:5      | Received a gift from Nemelex Xobeh
  5669 | D:6      | Found a hide-covered altar of Uskayaw.
  5685 | D:6      | Paralysed by an orc for 4 turns
  5688 | D:6      | Slain by an orc warrior

Illustrated notes

Levels and vault maps discovered:
D:1:      dpeg_arrival_more_subterranean_lakeside_camping, layout_basic,
          shapermc_ecumenical_altar_flowoftime
D:2:      layout_basic
D:3:      layout_rooms, led_sif_book, gammafunk_ghost_split, minmay_hedge_maze,
          minmay_joined_circles, uniq_natasha
D:4:      corexii_shack_village, layout_gridville, minmay_misc_feat_chi
D:5:      layout_gridville, mainiacjoe_overflow_24_doors,
          okawaru_metal_pillars_1_2, minmay_temple_entry_offerings,
          nicolae_ossuary_entry_false_entrances, minmay_starry_boxes,
          uniq_edmund
D:6:      layout_loops_cross, mainiacjoe_overflow_small_starburst

Skill      XL: |  1  2  3  4  5  6  7  8 |
---------------+-------------------------+-----
Armour         | 3 4 |  4.7
Axes           | 2 3 4 6 7 |  7.7
Shields        | 3 4 |  4.1
Dodging        | 1 2 3 |  3.2
Fighting       | 4 5 |  5.5
Stealth        | |  0.8

Action                   |  1- 3 |  4- 6 |  7- 9 || total
-------------------------+-------+-------+-------++-------
Melee: War axe           |    71 |   154 |   203 ||   428
       Peck              |       |       |    24 ||    24
Invok: Draw Summoning    |       |     1 |       ||     1
       Draw Destruction  |       |     3 |       ||     3
  Use: Scroll            |     5 |     3 |    10 ||    18
       Potion            |       |       |     3 ||     3
 Stab: Sleeping          |       |     1 |       ||     1
Armor: Scale mail        |    38 |    71 |    82 ||   191
Dodge: Dodged            |    31 |    86 |   137 ||   254
Block: Buckler           |    24 |    42 |    79 ||   145

Table legend: (Time is in decaauts)
 A = Elapsed time spent in this place.
 B = Non-inter-level travel time spent in this place.
 C = Inter-level travel time spent in this place.
 D = Time resting spent in this place.
 E = Time spent auto-exploring this place.
 F = Levels seen in this place.
 G = Mean time per level.
                   A        B        C        D        E       F      G
               +--------+--------+--------+--------+--------+-----+--------+
         Total |   5832 |   5757 |     75 |   1138 |   3246 |   7 |  833.1 |
       Dungeon |   5440 |   5365 |     75 |   1060 |   3094 |   6 |  906.7 |
       Ossuary |    392 |    392 |      0 |     78 |    152 |   1 |  392.0 |
               +--------+--------+--------+--------+--------+-----+--------+

Top non-repeatable levels by time:
     D:4: 1430 daAuts
     D:3: 1305 daAuts
     D:5: 1088 daAuts
     D:1: 977 daAuts
     D:2: 564 daAuts
 Ossuary: 392 daAuts
     D:6: 72 daAuts
